 Dungeon Crawl Stone Soup version 0.29.1-1-gd02db6906a (webtiles) character file.

Game seed: 9961685664325902343

44 croobank the Caller (level 3, -2/23 HPs)
             Began as an Octopode Summoner on Oct 13, 2022.
             Slain by Ijyb
             ... wielding a +0 dagger
              (3 damage)
             ... on level 3 of the Dungeon.
             The game lasted 00:04:35 (2782 turns).

croobank the Caller (Octopode Summoner)             Turns: 2782, Time: 00:04:35

Health: -2/23      AC:  1    Str:  7    XL:     3   Next: 60%
Magic:  6/6        EV: 13    Int: 19    God:
Gold:   220        SH:  0    Dex: 12    Spells: 3/6 levels left

rFire   + . .      SeeInvis .   e - +0 quarterstaff
rCold   + . .      Faith    .   (shield currently unavailable)
rNeg    . . .      Spirit   .   (helmet restricted)
rPois   +          Reflect  .   (no amulet)
rElec   +          Harm     .   (no ring)
rCorr   +          Rampage  .   (no ring)
Will    .....                   (no ring)
Stlth   ++........              (no ring)
HPRegen 0.07/turn               (no ring)
MPRegen 0.10/turn               (no ring)
                                (no ring)
                                (no ring)

@: confused, mighty, resistant, flying, hasted, very quick
A: almost no armour, amphibious, 8 rings, camouflage 1, gelatinous body 1,
(nimble swimmer 1), tentacles
a: no special abilities


You were on level 3 of the Dungeon.
You visited 1 branch of the dungeon, and saw 3 of its levels.

You collected 220 gold pieces.

Inventory:

Hand Weapons
 e - a +0 quarterstaff (weapon)
Missiles
 m - 4 atropa-tipped darts
Jewellery
 l - an amulet of guardian spirit
 r - a +4 ring of evasion
Scrolls
 c - a scroll of acquirement {unknown}
 f - a scroll of torment {unknown}
 g - a scroll of poison {unknown}
 h - 3 scrolls of fear {unknown}
 i - a scroll of teleportation {unknown}
 j - 3 scrolls of identify {unknown}
 n - a scroll of amnesia {unknown}
 p - a scroll of enchant weapon {unknown}
 q - 2 scrolls of immolation {unknown}
Potions
 a - a potion of magic
 k - a potion of flight


   Skills:
 + Level 1.0 Fighting
 + Level 2.4 Dodging
 + Level 3.4 Stealth
 + Level 2.4 Spellcasting
 + Level 4.2 Summonings


You had 3 spell levels left.
You knew the following spells:

 Your Spells              Type           Power      Damage    Failure   Level
a - Summon Small Mammal   Summ           72%        N/A       2%          1
b - Call Imp              Summ           18%        N/A       4%          2

Your spell library contained the following spells:

 Spells                   Type           Power      Damage    Failure   Level
 Call Canine Familiar     Summ           18%        N/A       9%          3
 Summon Guardian Golem    Hex/Summ       10%        N/A       21%         3
 Gell's Gravitas          Tloc           2%         N/A       43%         3
 Teleport Other           Tloc           2%         N/A       43%         3
 Summon Lightning Spire   Summ/Air       10%        N/A       56%         4
 Dispersal                Tloc           1%         N/A       100%        6


Dungeon Overview and Level Annotations

Branches:
Dungeon (3/15)

Altars:
Cheibriados
Kikubaaqudgha

Annotations:
D:3 Ijyb


Innate Abilities, Weirdness & Mutations

You cannot wear most types of armour.
You are amphibious.
You can wear up to eight rings at the same time.
Your skin changes colour to match your surroundings (Stealth+).
Your rubbery body absorbs attacks. (AC +1, EV +1)
((You are camouflaged when in or above water. (Stealth+)))
You have tentacles for arms and can constrict up to eight enemies at once.


Message History

You constrict Ijyb, but do no damage. Ijyb hits you with a +0 dagger.
Ijyb misses you.
You bump into the rock wall.
You constrict Ijyb, but do no damage. Ijyb closely misses you.
You bump into the rock wall.
You constrict Ijyb. Ijyb hits you with a +0 dagger.
You release your grip on Ijyb.
Ijyb zaps a wand.
Your will is overpowered!
You are more confused.
You bump into the rock wall.
You bump into the rock wall.
Ijyb hits you with a +0 dagger.
You bump into the rock wall.
Ijyb zaps a wand.
Your will is overpowered!
You are more confused.
It was a potion of flight.
You feel very buoyant.
You fly up into the air.
Ijyb barely misses you.
You bump into the rock wall.
Ijyb zaps a wand.
Your will is overpowered!
You are more confused.
Ijyb screams, "Level is mine!
All mine!"
Ijyb hits you with a +0 dagger!
* * * LOW HITPOINT WARNING * * *
You're too confused to cast spells.
Unknown command.
It was a potion of haste.
You feel yourself speed up. Ijyb barely misses you.
It was a potion of might.
You feel very mighty all of a sudden.
You closely miss Ijyb.
Ijyb is moderately wounded.
Ijyb zaps a wand.
You resist with significant effort.
The now-empty wand crumbles to dust.
You miss Ijyb.
Ijyb is moderately wounded.
Ijyb hits you with a +0 dagger.
* * * LOW HITPOINT WARNING * * *
You bump into the rock wall.
You bump into the rock wall.
Ijyb hits you with a +0 dagger.
* * * LOW HITPOINT WARNING * * *
It was a potion of resistance.
You feel protected. Ijyb hits you with a +0 dagger.
You die...

#.# . ......#..#.# #..
.. ............ #.#
..#.#.....5#.# #.#
.'......).#.. #.#
#..####.#### #.#
#..#..5..... #.#
..#....#######
#)######.......#####
#.g@.....#####.....#
#.#..#####...#####.#
#.#..'....._.....'.#
..#....#####...#####..
#.........#####......
#..(###.........####.
+...# ##.......######
#...# ######### #...
#... #...


You could see Ijyb.

Vanquished Creatures
  An adder (D:2)
  An orc (D:3)
  2 ball pythons
  A bat (D:2)
  2 giant cockroaches
  A goblin (D:1)
  A kobold (D:2)
  2 rats (D:3)
11 creatures vanquished.

Vanquished Creatures (collateral kills)
  An adder (D:2)
  A dart slug (D:2)
  A ball python (D:3)
  3 bats
  A frilled lizard (D:1)
  2 goblins
  2 kobolds (D:2)
  3 rats
14 creatures vanquished.

Grand Total: 25 creatures vanquished

Notes
Turn   | Place    | Note
-------+----------+-------------------------------------------
     0 | D:1      | croobank the Octopode Summoner began the quest for the Orb.
     0 | D:1      | Reached XP level 1. HP: 11/11 MP: 3/3
   159 | D:1      | You fall into a shaft and drop 1 floor!
   668 | D:1      | Found a faded altar of an unknown god.
   685 | D:1      | Reached XP level 2. HP: 18/18 MP: 1/5
   712 | D:1      | Learned a level 2 spell: Call Imp
  1757 | D:2      | Reached XP level 3. HP: 22/22 MP: 3/6
  1877 | D:2      | Reached skill level 1 in Fighting
  2257 | D:3      | Found a snail-covered altar of Cheibriados.
  2495 | D:3      | Found an ancient bone altar of Kikubaaqudgha.
  2756 | D:3      | Noticed Ijyb
  2781 | D:3      | HP: 1/23 [Ijyb/+0 dagger (5)]
  2782 | D:3      | Slain by Ijyb

Illustrated notes

Levels and vault maps discovered:
D:1:      psy_arrival_statuary, layout_basic, hellmonk_ecumenical_altar_lost_god
D:2:      layout_basic, nicolae_elevator_lobby_plus
D:3:      layout_basic, mainiacjoe_overflow_catwalk,
          mainiacjoe_overflow_surrounded_room, bh_walls_and_bars, uniq_ijyb

Skill      XL: |  1  2  3 |
---------------+----------+-----
Stealth        | 3 |  3.4
Fighting       | 1 |  1.0
Dodging        | |  2.4
Spellcasting   | |  2.4
Summonings     | |  4.2

Action                   || total
-------------------------++-------
Melee: Quarterstaff      ||    38
       Tentacles         ||     6
       Constrict         ||     7
 Cast: Summon Small Mamm ||    25
       Call Imp          ||     6
  Use: Potion            ||     4
 Stab: Sleeping          ||     3
Armor: Skin              ||     8
Dodge: Dodged            ||    42
